 Dungeon Crawl Stone Soup version 0.21-a0-518-g43a1781 (webtiles) character file.

58 Gerstahl the Twirler (level 3, -2/29 HPs)
             Began as a Demonspawn Gladiator on Dec 5, 2017.
             Slain by an orc wizard
             ... wielding a +0 dagger
              (4 damage)
             ... on level 2 of the Dungeon.
             The game lasted 00:01:24 (1006 turns).

Gerstahl the Twirler (Demonspawn Gladiator)         Turns: 1006, Time: 00:01:24

Health: -2/29      AC:  4    Str: 14    XL:     3   Next: 75%
Magic:  3/3        EV: 14    Int:  9    God:
Gold:   36         SH:  0    Dex: 15    Spells: 2/2 levels left

rFire    . . .     SeeInvis .   a - +1 quarterstaff
rCold    . . .     Gourm    .   (shield currently unavailable)
rNeg     . . .     Faith    .   b - +0 leather armour
rPois    .         Spirit   .   c - +0 helmet
rElec    .         Reflect  .   (no cloak)
rCorr    .         Harm     .   (no gloves)
MR       .....                  (no boots)
Stlth    +.........             (no amulet)
HPRegen  0.09/turn              (no ring)
MPRegen  0.08/turn              (no ring)

@: about to teleport
A: repulsion field 1
a: no special abilities


You were on level 2 of the Dungeon.
You were not hungry.

You visited 1 branch of the dungeon, and saw 2 of its levels.

You collected 36 gold pieces.

Inventory:

Hand Weapons
 a - a +1 quarterstaff (weapon)
Missiles
 d - 3 throwing nets (quivered)
Armour
 b - a +0 leather armour (worn)
 c - a +0 helmet (worn)
Potions
 h - 3 potions of curing {unknown}
 j - a potion of flight {unknown}
Comestibles
 f - a bread ration
 g - a royal jelly
 k - a chunk of flesh


   Skills:
 + Level 3.2 Fighting
 + Level 3.5 Staves
 - Level 1.7 Throwing
 - Level 2.6 Dodging


You had 2 spell levels left.
You didn't know any spells.

Dungeon Overview and Level Annotations

Branches:
Dungeon (2/15)

Altars:


Innate Abilities, Weirdness & Mutations

You are surrounded by a mild repulsion field. (EV +2)


Message History

Deactivating autopickup; reactivate with Ctrl-A.
The orc barely misses you.
You miss something. Something hits you.
* * * LOW HITPOINT WARNING * * *
The orc barely misses you.
You barely miss something. Something hits you.
* * * LOW HITPOINT WARNING * * *
The orc barely misses you. Something hits you but does no damage.
You miss something. The orc hits you but does no damage.
Something hits you but does no damage. The orc barely misses you.
As you read the scroll labeled TIGOOLUPICI, it crumbles to dust.
It is a scroll of enchant weapon.
Your +0 quarterstaff glows red for a moment.
You hear some strange, mumbled words.
Something tries to affect you, but you resist.
The orc hits you but does no damage.
As you read the scroll labeled WITI FEDOELIOCW, it crumbles to dust.
You feel strangely unstable.
It was a scroll of teleportation.
Something hits you.
You die...

...#
##########.##..####
...#
#....(....(.)......
...#
#.#########)##.####
...# #.#...#
#.......... ...#
#.#...# #.#.#.####.
########.#...#
#.#...#
#####........#
#o##).#
...##.......##
#o###.#
##.##.......# #@# ..
##.##.......## #{#
.#. ##.###.......#
... .#..
##.###..†....##...#
.# ..
##...........##....
.# ##.
######.......##...##
#.......##...#
#.......##...#
#########


You could see 2 orcs.

Vanquished Creatures
  An orc priest (D:2)
  A worm (D:2)
  A dart slug (D:1)
  A leopard gecko (D:1)
  4 goblins (D:1)
  3 hobgoblins (D:1)
  2 quokkas (D:2)
  A frilled lizard (D:1)
  7 kobolds
  4 rats (D:1)
25 creatures vanquished.

Notes
Turn   | Place    | Note
-------+----------+-------------------------------------------
     0 | D:1      | Gerstahl the Demonspawn Gladiator began the quest for the Orb.
     0 | D:1      | Reached XP level 1. HP: 16/16 MP: 1/1
   156 | D:1      | Gained mutation: You are surrounded by a mild repulsion field. (EV +2) [demonic ancestry]
   156 | D:1      | Reached XP level 2. HP: 20/23 MP: 2/2
   967 | D:2      | Reached XP level 3. HP: 28/28 MP: 3/3
  1006 | D:2      | Slain by an orc wizard

Vault maps used:
D:1:      elethiomel_arrival_maze, minmay_misc_feat_square, minmay_door_square
D:2:      kennysheep_six_static_rooms, old_standard_altar, uniq_jessica,
          uniq_robin

Skill      XL: |  1  2  3 |
---------------+----------+-----
Staves         | 3 |  3.5
Fighting       | 3 |  3.2
Throwing       | |  1.7
Dodging        | |  2.6

Action                   || total
-------------------------++-------
Melee: Quarterstaff      ||    81
Throw: Throwing net      ||     1
  Use: Scroll            ||     2
 Stab: Sleeping          ||     2
Armor: Leather armour    ||    21
Dodge: Dodged            ||    62

Table legend:
 A = Spawn XP
 B = Non-spawn XP
 C = Spawn XP percentage of total XP
 D = Spawn monster count
 E = Non-spawn monster count
 F = Spawn count percentage of total count
 G = Total turns spent on level
                    A         B        C        D         E        F      G
               +---------+---------+-------+---------+---------+-------+---------
         Total |       0 |      83 |   0.0 |       0 |      25 |   0.0 |  1006
               +---------+---------+-------+---------+---------+-------+---------
           D:1 |       0 |      30 |   0.0 |       0 |      19 |   0.0 |   820
           D:2 |       0 |      53 |   0.0 |       0 |       6 |   0.0 |   186
               +---------+---------+-------+---------+---------+-------+---------
